 Dungeon Crawl Stone Soup version 0.28.0-49-g6dfe1f597d (webtiles) character file.

Game seed: 3480151772006523103

759 nickcage the Cutter (level 7, -6/32 HPs)
             Began as a Spriggan Enchanter on May 11, 2022.
             Mangled by a tarantella (shapeshifter) (10 damage)
             ... on level 5 of the Dungeon.
             The game lasted 00:18:08 (5290 turns).

nickcage the Cutter (Spriggan Enchanter)            Turns: 5290, Time: 00:18:09

Health: -6/32      AC:  3    Str:  4    XL:     7   Next: 50%
Magic:  12/12      EV: 17    Int: 16    God:
Gold:   73         SH:  0    Dex: 18    Spells: 10/12 levels left

rFire   . . .      SeeInvis +   i - +2 dagger (chaos)
rCold   . . .      Faith    .   (no shield)
rNeg    . . .      Spirit   .   b - +1 robe
rPois   .          Reflect  .   (helmet restricted)
rElec   .          Harm     .   (no cloak)
rCorr   .          Rampage  .   (gloves unavailable)
Will    +....                   (boots unavailable)
Stlth   +.........              (no amulet)
HPRegen 0.10/turn               (no ring)
MPRegen 0.13/turn               (no ring)

@: confused, mighty, very quick
A: very small, no large weapons, unfitting armour, see invisible, speed 3
a: no special abilities


You were on level 5 of the Dungeon.
You visited 1 branch of the dungeon, and saw 6 of its levels.

You collected 73 gold pieces.

Inventory:

Hand Weapons
 a - a +1 dagger
 i - a +2 dagger of chaos (weapon)
Missiles
 r - 12 poisoned darts (quivered)
Armour
 b - a +1 robe (worn)
Jewellery
 o - an amulet of magic regeneration
Wands
 e - a wand of digging (14)
 h - a wand of iceblast (7)
 q - a wand of flame (21)
Scrolls
 d - a scroll of magic mapping
 f - 2 scrolls of torment
 k - a scroll of teleportation {unknown}
Potions
 c - a potion of invisibility
 g - 2 potions of heal wounds
 j - a potion of brilliance {unknown}
 m - 2 potions of degeneration
 n - 2 potions of curing
 p - a potion of magic


   Skills:
 + Level 7.7 Short Blades
 - Level 1.0 Throwing
 - Level 2.6 Dodging
 - Level 4.4 Stealth
 - Level 3.0 Spellcasting
 - Level 6.0 Hexes
 - Level 0.7 Ice Magic


You had 10 spell levels left.
You knew the following spells:

 Your Spells              Type           Power      Damage    Failure   Level
a - Ensorcelled Hibernat  Hex/Ice        26%        N/A       7%          2

Your spell library contained the following spells:

 Spells                   Type           Power      Damage    Failure   Level
 Confusing Touch          Hex            21%        N/A       4%          3
 Tukima's Dance           Hex            21%        N/A       4%          3
 Dazzling Flash           Conj/Hex       24%        N/A       16%         3
 Pain                     Necr           8%         1d4       19%         1
 Yara's Violent Unravell  Hex/Tmut       6%         3d5       83%         5
 Passage of Golubria      Tloc           2%         N/A       88%         4
 Agony                    Necr           2%         N/A       99%         5
 Excruciating Wounds      Necr           1%         N/A       99%         5


Dungeon Overview and Level Annotations

Branches:
Dungeon (6/15)             Temple (0/1) D:5

Altars:
Gozag
Nemelex Xobeh
Qazlal
Sif Muna

Annotations:
D:4 Pikel
D:5 1 runed translucent door, Typ3r5's ghost, novice MiFi


Innate Abilities, Weirdness & Mutations

You are very small and have problems with some larger weapons.
You are too small for most types of armour.
You have supernaturally acute eyesight. (SInv)
You cover ground extremely quickly. (Speed+++)


Message History

You climb downwards.
Level annotation: 1 runed translucent door, Typ3r5's ghost, novice MiFi
There is a stone staircase leading up here.
You feel very mighty all of a sudden.
No target in view!
You hit the ice beast.
The ice beast seems to grow stronger.
The ice beast is moderately wounded.
The ice beast hits you but does no damage.
You hit the ice beast.
The ice beast is moderately wounded.
You puncture the ice beast!
The ice beast changes into a shapeshifter!
You closely miss the shapeshifter.
The shapeshifter changes into a tarantella!
You barely miss the tarantella. The tarantella misses you.
You puncture the tarantella!
The tarantella is moderately wounded.
You hit the tarantella. You freeze the tarantella.
The tarantella is moderately wounded.
The tarantella closely misses you.
You closely miss the tarantella.
The tarantella is moderately wounded.
The tarantella barely misses you.
You closely miss the tarantella.
The tarantella is moderately wounded.
The tarantella touches you!
You are confused.
You bump into the rock wall.
The tarantella misses you. The tarantella closely misses you.
You miss the tarantella.
The tarantella is moderately wounded.
The tarantella touches you!
* * * LOW HITPOINT WARNING * * *
You hit the tarantella. You burn the tarantella.
The tarantella is heavily wounded.
The tarantella touches you.
* * * LOW HITPOINT WARNING * * *
You are more confused.
You bump into the rock wall.
The tarantella touches you!
You die...

*,,,,,,,,,*,*#.# #..#
****,,,,,,,,*#.#########
*,,,,,*,,*#........##
*,,,,,*,.#########'##
*,,,,,*,............#
*#####**,*##.........
#<..# *,* #......)..
###.# #.* #......... #@#
#.* #.........
####s###.###.........
#....................
*####<##.####.##.########
*................#
*.###.........#..# *,*
#..##........# *,*
#......###...# *,*
##.#....,#...#


You could see a tarantella shaped shifter.

Vanquished Creatures
  Eustachio (D:4)
  3 ogres (D:4)
  A centaur (D:5)
  A lemure (D:4)
  2 hounds
  An orc priest (D:4)
  A bullfrog skeleton (D:4)
  An iguana (D:4)
  A hound zombie (D:5)
  5 adders
  A worm (D:2)
  A dart slug (D:3)
  9 orcs
  4 bats
  7 endoplasms
  3 giant cockroaches
  3 goblins
  4 hobgoblins
  4 jackals (D:3)
  4 kobolds
  8 quokkas
  6 ball pythons
  A frilled lizard (D:2)
  7 rats
79 creatures vanquished.

Vanquished Creatures (others)
  An orc (D:4)
  10 plants (D:4)
11 creatures vanquished.

Grand Total: 90 creatures vanquished

Notes
Turn   | Place    | Note
-------+----------+-------------------------------------------
     0 | D:1      | nickcage the Spriggan Enchanter began the quest for the
                  | Orb.
     0 | D:1      | Reached XP level 1. HP: 9/9 MP: 5/5
   370 | D:1      | Reached XP level 2. HP: 12/13 MP: 6/6
   879 | D:1      | Learned a level 2 spell: Ensorcelled Hibernation
   945 | D:2      | Reached skill level 5 in Hexes
   955 | D:2      | Reached XP level 3. HP: 16/16 MP: 8/8
  1952 | D:3      | Reached XP level 4. HP: 17/21 MP: 1/9
  2350 | D:3      | Found a faded altar of an unknown god.
  2422 | D:3      | Found a shimmering blue altar of Sif Muna.
  2877 | D:4      | Reached skill level 2 in Short Blades
  2877 | D:4      | Reached XP level 5. HP: 24/24 MP: 5/10
  2880 | D:4      | Noticed a lemure
  2881 | D:4      | Noticed an ogre
  2883 | D:4      | Noticed a lemure
  3155 | D:4      | Found a stormy altar of Qazlal.
  3306 | D:4      | Noticed Pikel
  3308 | D:4      | Noticed a lemure
  3309 | D:4      | Noticed a lemure
  3411 | D:4      | Reached skill level 3 in Short Blades
  3685 | D:5      | Entered Level 5 of the Dungeon
  3811 | D:5      | Noticed a centaur
  3812 | D:5      | Killed a centaur
  3813 | D:5      | Reached skill level 4 in Short Blades
  3813 | D:5      | Reached XP level 6. HP: 28/28 MP: 11/11
  3870 | D:5      | You fall into a shaft and drop 1 floor!
  3905 | D:6      | Found a sparkling altar of Nemelex Xobeh.
  4002 | D:5      | Found a runed translucent door.
  4009 | D:5      | Noticed Typ3r5's ghost (novice MiFi)
  4259 | D:5      | Noticed an ice beast
  4478 | D:4      | Reached skill level 5 in Short Blades
  4634 | D:4      | Reached skill level 6 in Short Blades
  4801 | D:4      | Reached XP level 7. HP: 32/32 MP: 12/12
  4890 | D:4      | Reached skill level 7 in Short Blades
  5066 | D:4      | Noticed Eustachio
  5079 | D:4      | Killed Eustachio
  5080 | D:4      | Reached skill level 1 in Throwing
  5245 | D:4      | Found an opulent altar of Gozag.
  5280 | D:5      | Noticed a shapeshifter
  5280 | D:5      | an ice beast changed into a shapeshifter
  5281 | D:5      | Noticed a tarantella
  5281 | D:5      | a shapeshifter changed into a tarantella
  5290 | D:5      | Mangled by a tarantella (shapeshifter)

Illustrated notes

Levels and vault maps discovered:
D:1:      minmay_arrival_jagged, layout_basic
D:2:      layout_loops_ring
D:3:      layout_rooms, lemuel_blue_sif_altar,
          hellmonk_ecumenical_altar_lost_god, serial_curves, eino_curves_04,
          eino_curves_02, minmay_misc_feat_pillars, minmay_tree_intersection
D:4:      wad_lake_hut, layout_cave_pools, grunt_qazlal_clouds,
          mainiacjoe_overflow_surrounded_room, serial_co_window_serial,
          co_window_paths_b, co_window_paths_b, co_window_of_opportunity_a,
          co_window_paths_b, co_window_paths_a, co_window_corner_a,
          co_window_corner_a, co_window_corner_a, co_window_of_opportunity_a,
          co_window_2corner, co_window_paths_c, glass_columns_a,
          glass_columns_a, uniq_pikel, uniq_eustachio
D:5:      layout_basic, worldfamousw_hep_ancestral_shrine, tso_oasis_becter,
          elyvilon_altar_3, minmay_temple_entry_offerings,
          ebering_ghost_reflecting_pool, roderic_roman_lattice
D:6:      layout_cave_pools, old_standard_altar,
          mainiacjoe_overflow_catwalk_spiral, serial_shops,
          nicolae_shop_hallway_plus

Skill      XL: |  1  2  3  4  5  6  7 |
---------------+----------------------+-----
Hexes          | 4 5 6 |  6.0
Spellcasting   | 3 |  3.0
Short Blades   | 2 4 6 7 |  7.7
Throwing       | 1 |  1.0
Dodging        | |  2.6
Stealth        | |  4.4
Ice Magic      | |  0.7

Action                   |  1- 3 |  4- 6 |  7- 9 || total
-------------------------+-------+-------+-------++-------
Melee: Dagger            |    85 |    80 |    26 ||   191
       Punch             |     3 |       |       ||     3
Throw: Dart              |       |       |     2 ||     2
 Cast: Ensorcelled Hiber |    15 |    38 |     4 ||    57
  Use: Scroll            |       |    11 |       ||    11
       Potion            |       |       |     1 ||     1
 Stab: Sleeping          |    23 |    28 |     4 ||    55
       Distracted        |     1 |       |       ||     1
Armor: Robe              |    11 |    13 |     2 ||    26
Dodge: Dodged            |    65 |    59 |     7 ||   131
